Map: Triton LE

Players

PtitDrogo - Winner!

  • Race: Protoss Protoss
  • League: Grandmaster
  • Spawn Location: 5:00

ShoWTimE

  • Race: Protoss Protoss
  • League: Grandmaster
  • Spawn Location: 11:00

Event: HomeStory Cup XX

VOD

Have the link to the VOD?

Description

Time

  • Played on: Nov. 22, 2019, 3:39 p.m.
  • Length: 9:40

All games in this series

Show
View Real Time Build Order
Export as new Build Order

PtitDrogo Protoss - Winner!

Build Orders: Phoenix Opening, Zealot Archon 

Get SALT Encoding   

  12  0:00  Probe  
  13  0:12  Probe  
  14  0:20  Pylon  
  14  0:24  Probe  
  15  0:34  Probe  
  15  0:39  Gateway  
  15  0:42  Probe  
  16  0:48  Assimilator  
  17  0:53  Probe  
  17  0:56  Assimilator  
  18  1:01  Probe  
  18  1:07  Gateway  
  18  1:09  Probe  
  20  1:19  Probe  
  21  1:26  Cybernetics Core  
  21  1:31  Probe  
  22  1:34  Pylon  
  22  1:43  Probe  
  23  1:55  Warp Gate, Probe  
  24  2:03  Stalker, Sentry  
  28  2:13  Pylon  
  28  2:16  Probe  
  29  2:35  Stalker x2  
  33  2:37  Phoenix  
  32  2:47  Nexus  
  32  2:50  Probe  
  33  2:57  Shield Battery  
  33  3:02  Probe  
  34  3:07  Sentry x2  
  38  3:13  Pylon  
  38  3:20  Robotics Facility  
  38  3:23  Probe  
  38  3:35  Probe  
  35  3:45  Probe  
  36  3:53  Probe  
  36  3:55  Probe  
  36  4:01  Probe  
  38  4:03  Probe  
  38  4:07  Stalker x2  
  44  4:13  Probe  
  44  4:17  Probe  
  44  4:18  Observer  
  44  4:21  Probe  
  46  4:25  Twilight Council  
  46  4:29  Probe  
  46  4:30  Probe  
  49  4:39  Stalker  
  49  4:41  Probe  
  49  4:43  Probe  
  53  4:52  Probe  
  53  4:53  Charge  
  53  4:55  Assimilator, Probe  
  53  4:57  Assimilator  
  55  5:00  Probe  
  57  5:07  Probe  
  57  5:08  Probe  
  57  5:13  Warp Prism  
  60  5:17  Pylon  
  60  5:19  Probe  
  60  5:20  Probe  
  62  5:33  Probe  
  63  5:35  Probe  
  61  5:45  Probe  
  61  5:47  Probe, Dark Shrine  
  63  5:56  Immortal  
  67  5:57  Probe  
  67  6:00  Pylon, Probe  
  69  6:09  Probe  
  69  6:11  Forge  
  70  6:18  Probe  
  70  6:25  Gateway x3  
  71  6:28  Gateway  
  71  6:31  Shield Battery x2  
  71  6:33  Shield Battery  
  71  6:34  Observer  
  71  6:41  Stalker x2  
  71  6:44  Pylon  
  73  7:05  Dark Templar x2  
  76  7:14  Immortal  
  80  7:22  Stalker x3  
  72  7:37  Stalker x2  
  72  7:43  Immortal  
  74  7:46  Dark Templar x3  
  74  7:48  Gateway  
  78  7:59  Archon  
  76  8:07  Probe  
  68  8:20  Dark Templar x4  
  76  8:31  Archon  
  76  8:32  Archon  
  76  8:43  Dark Templar  
  76  8:45  Zealot  
  80  8:49  Pylon x2  
  80  8:54  Dark Templar, Zealot  
  80  8:55  Zealot  
  86  9:07  Archon  
  86  9:09  Zealot x2  
  90  9:18  Dark Templar x2  
  90  9:20  Zealot  
  90  9:21  Nexus  
  90  9:22  Archon  
  90  9:23  Pylon  
  96  9:31  Dark Templar x2  
Show
View Real Time Build Order
Export as new Build Order

ShoWTimE Protoss 

Build Orders: Oracle Opening 

Get SALT Encoding   

  12  0:00  Probe  
  13  0:12  Probe  
  14  0:17  Pylon  
  14  0:24  Probe  
  15  0:32  Probe  
  15  0:36  Gateway  
  15  0:40  Probe  
  16  0:45  Assimilator  
  17  0:51  Probe  
  17  0:53  Assimilator  
  18  0:59  Probe  
  19  1:06  Gateway  
  19  1:07  Probe  
  19  1:17  Probe  
  20  1:23  Cybernetics Core  
  21  1:29  Probe  
  21  1:32  Pylon  
  22  1:41  Probe  
  23  1:59  Stargate  
  23  2:00  Warp Gate  
  27  2:09  Stalker  
  27  2:14  Probe  
  28  2:17  Stalker  
  28  2:36  Oracle  
  27  2:44  Nexus  
  30  2:53  Pylon  
  30  2:56  Probe  
  31  3:04  Oracle  
  31  3:11  Probe  
  32  3:17  Pylon  
  35  3:23  Probe  
  36  3:35  Probe  
  37  3:42  Robotics Facility  
  37  3:48  Probe  
  38  3:49  Shield Battery  
  38  3:52  Sentry  
  38  3:54  Probe  
  40  4:00  Probe  
  40  4:02  Probe  
  43  4:10  Phoenix  
  43  4:11  Probe  
  43  4:12  Probe  
  43  4:14  Sentry  
  47  4:23  Probe  
  49  4:24  Probe  
  49  4:25  Pylon  
  49  4:30  Observer  
  50  4:35  Probe  
  50  4:36  Probe  
  49  4:43  Twilight Council  
  49  4:46  Gateway  
  49  4:47  Probe, Gateway  
  49  4:50  Shield Battery, Resonating Glaives, Probe, Immortal  
  51  5:05  Pylon  
  57  5:13  Gateway  
  55  5:17  Gateway  
  55  5:19  Gateway  
  55  5:24  Phoenix  
  55  5:29  Gateway  
  55  5:39  Immortal  
  59  5:45  Pylon  
  59  5:48  Adept x2  
  63  5:52  Adept  
  63  5:56  Adept  
  67  5:58  Pylon  
  67  6:01  Pylon  
  67  6:09  Warp Prism  
  67  6:14  Adept x4  
  75  6:25  Pylon, Adept  
  79  6:40  Adept  
  79  6:41  Adept x3  
  87  6:58  Pylon  
  88  7:09  Adept x4  
  90  7:16  Adept  
  90  7:19  Pylon  
  86  7:24  Adept x3  
  86  7:25  Observer  
  62  7:47  Adept x5  
  62  7:51  Probe x2  
  68  8:03  Probe x2  
  58  8:15  Probe x2  
  58  8:16  Adept x5  
  66  8:27  Probe  
  66  8:28  Observer, Probe  
  69  8:36  Assimilator  
  69  8:38  Assimilator  
  69  8:39  Probe  
  69  8:40  Probe  
  69  8:41  Adept  
  73  8:42  Adept  
  75  8:54  Stalker  
  77  9:01  Stalker  
  78  9:19  Pylon  
  78  9:23  Probe x2  
  80  9:34  Stalker x3  
Tags
 
Add a new tag
Caveats
  • Supply blocks, unpowered buildings, or Contaminate may cause inaccurate times.
  • Supply counts are checked every 10 seconds.